[Event "ICC tourney 2022 (75 10)"]
[Site "Internet Chess Club"]
[Date "2020.09.26"]
[Round "2"]
[White "saanvichess"]
[Black "agpil"]
[Result "1/2-1/2"]
[ICCResult "Game drawn by mutual agreement"]
[WhiteElo "1672"]
[BlackElo "1842"]
[Opening "Sicilian: Pelikan, Chelyabinsk variation"]
[ECO "B33"]
[NIC "SI.37"]
[Time "16:34:49"]
[TimeControl "4500+10"]

1. e4 c5 2. Nf3 Nc6 3. d4 cxd4 4. Nxd4 Nf6 5. Nc3 e5 6. Ndb5 d6 7. Bg5 a6 8.
Na3 b5 9. Nd5 Be7 10. Bxf6 Bxf6 11. c4 b4 12. Nc2 O-O 13. Be2 a5 14. O-O Bg5
15. Qd3 Be6 16. Rad1 Ra7 17. b3 Bxd5 18. cxd5 Ne7 19. Ne3 Rc7 20. Nc4 Ra7
21. Bg4 g6 22. Bh3 Kh8 23. Qg3 h6 24. Qd3 f5 25. f4 Bxf4 26. Rxf4 exf4 27.
Qd4+ Kh7 28. Qxa7 fxe4 29. Qxa5 Qxa5 30. Nxa5 Ra8 31. Nc6 Re8 32. Nxb4 Nf5
33. Bxf5 gxf5 34. Rf1 e3 35. Nd3 e2 36. Re1 Re4 37. Kf2 Kg6 38. Kf3 Re3+ 39.
Kxf4 Rxd3 40. Rxe2 Rxd5 41. a4 Rd4+ 42. Kf3 Rd3+ 43. Re3 Rd4 44. g3 Rb4 45.
Rd3 Kg5 46. h3 d5 47. Rxd5 Rxb3+ 48. Kf2 Ra3 49. a5 Ra2+ 50. Kf3 Ra3+ 51.
Kf2 Ra2+ 52. Ke1 h5 53. Kf1 Ra1+ 54. Ke2 Ra2+ 55. Kd1 Ra3 56. a6 Rxa6 57.
Rd3 Re6 58. h4+ Kg4 59. Kd2 Re4 60. Kd1 f4 61. gxf4 Rxf4 62. Ke2 Kxh4 63.
Rf3 Ra4 64. Kf2 Ra2+ 65. Kg1 Kg4 66. Rc3 Ra4 67. Kh1 h4 68. Kg1 Ra1+ 69. Kh2
{Game drawn by mutual agreement}
1/2-1/2

[Event "ICC tourney 2022 (75 10)"]
[Site "Internet Chess Club"]
[Date "2020.09.26"]
[Round "2"]
[White "PearsonH"]
[Black "rachael1120"]
[Result "0-1"]
[ICCResult "White resigns"]
[WhiteElo "1764"]
[BlackElo "1665"]
[Opening "Queen's pawn: London system"]
[ECO "A45"]
[NIC "QP.07"]
[Time "16:34:43"]
[TimeControl "4500+10"]

1. d4 Nf6 2. Bf4 e6 3. e3 d5 4. Nd2 c5 5. c3 Nc6 6. Ngf3 Be7 7. Bd3 O-O 8.
Ne5 Bd6 9. Bg3 Qc7 10. f4 Ne7 11. Qf3 Nf5 12. Bf2 b6 13. g4 Ne7 14. Qh3 Bb7
15. Qf3 Ne8 16. Qe2 f6 17. Nef3 e5 18. fxe5 fxe5 19. dxe5 Bxe5 20. Nxe5 Qxe5
21. e4 Nf6 22. exd5 Qxe2+ 23. Bxe2 Nexd5 24. Rg1 Rae8 25. Kd1 Nxg4 26. Bxg4
Rxf2 27. Nc4 Ne3+ 28. Nxe3 Rxe3 29. Re1 Rxe1+ 30. Kxe1 Rxh2 31. Rd1 Rh1+ 32.
Kf2 Rxd1 33. Bxd1 Kf7 34. Kg3 Kf6 35. b4 cxb4 36. cxb4 Kg5 37. a4 h5 38. a5
bxa5 39. bxa5 h4+ 40. Kh2 Kf4 41. Kh3 g5 42. Be2 Bc8+ 43. Kh2 g4 44. Bf1 Bb7
{White resigns}
0-1

[Event "ICC tourney 2022 (75 10)"]
[Site "Internet Chess Club"]
[Date "2020.09.26"]
[Round "2"]
[White "ChessJayden"]
[Black "abi2009"]
[Result "0-1"]
[ICCResult "White checkmated"]
[WhiteElo "1353"]
[BlackElo "1787"]
[Opening "Ruy Lopez: Berlin defense, 4.O-O, d6"]
[ECO "C66"]
[NIC "RL.07"]
[Time "16:34:39"]
[TimeControl "4500+10"]

1. e4 e5 2. Nf3 Nc6 3. Bb5 Nf6 4. O-O d6 5. d4 exd4 6. Nxd4 Bd7 7. Nc3 Be7
8. Nxc6 bxc6 9. Bc4 O-O 10. Re1 Re8 11. b3 Be6 12. Bxe6 fxe6 13. e5 Nd5 14.
Nxd5 cxd5 15. exd6 Bxd6 16. Bb2 Qh4 17. g3 Qg5 18. h4 Qf5 19. Qd4 Qf7 20.
Re2 c5 21. Qd3 Rf8 22. Rae1 Rae8 23. f4 d4 24. Qc4 Qg6 25. Kh2 Bxf4 26. gxf4
Rxf4 27. Rg2 Rxh4+ 28. Kg1 Qh6 29. Bc1 Rh1+ 30. Kf2 Qh4+ 31. Rg3 Rf8+ 32.
Ke2 Qh2+ 33. Kd3 Qxg3+ 34. Ke4 Rxe1+ 35. Be3 Rxe3# {White checkmated} 0-1

[Event "ICC tourney 2022 (75 10)"]
[Site "Internet Chess Club"]
[Date "2020.09.26"]
[Round "2"]
[White "orwind"]
[Black "gmcarebear999"]
[Result "1/2-1/2"]
[ICCResult "Game drawn by mutual agreement"]
[WhiteElo "1314"]
[BlackElo "1724"]
[Opening "Sicilian: dragon variation"]
[ECO "B70"]
[NIC "SI.15"]
[Time "16:36:13"]
[TimeControl "4500+10"]

1. e4 c5 2. Nf3 d6 3. d4 cxd4 4. Nxd4 Nf6 5. Nc3 g6 6. Bb5+ Bd7 7. Bxd7+
Qxd7 8. O-O Bg7 9. Be3 O-O 10. Nde2 Nc6 11. Qd2 Ng4 12. Bf4 Nge5 13. b3 Rac8
14. Bh6 Qg4 15. f3 Qh5 16. Bxg7 Kxg7 17. Ng3 Qh6 18. Qxh6+ Kxh6 19. Nce2 Nb4
20. c4 Nc2 21. Rab1 Na3 22. Rb2 b5 23. cxb5 Nxb5 24. f4 Nc6 25. f5 Ne5 26.
f6 exf6 27. a4 Nc3 28. Rxf6 Nxe2+ 29. Nxe2 Rc6 30. Rd2 Rd8 31. Nd4 Rc1+ 32.
Rf1 Rc3 33. Nf3 Nxf3+ 34. Rxf3 Rxf3 35. gxf3 Kg5 36. Kg2 Kf4 37. Kf2 f5 38.
exf5 Kxf5 39. Kg3 d5 40. b4 d4 41. Rd3 Rd5 42. Kf2 Kf4 43. Ke2 Rd8 44. b5
Ke5 45. Kd2 Rc8 46. a5 Kd5 47. Rb3 Rb8 48. b6 axb6 49. axb6 Kc4 50. Rb1
{Game drawn by mutual agreement}
1/2-1/2

[Event "ICC tourney 2022 (75 10)"]
[Site "Internet Chess Club"]
[Date "2020.09.26"]
[Round "2"]
[White "ScoutViolet"]
[Black "HarleyQueen8"]
[Result "0-1"]
[ICCResult "White resigns"]
[WhiteElo "1570"]
[BlackElo "1725"]
[Opening "Sicilian: Sozin, 7.Be3"]
[ECO "B89"]
[NIC "SI.26"]
[Time "16:34:45"]
[TimeControl "4500+10"]

1. e4 c5 2. Nf3 d6 3. d4 cxd4 4. Nxd4 Nf6 5. Nc3 Nc6 6. Bc4 e6 7. Be3 Be7 8.
O-O O-O 9. f4 a6 10. a4 Qc7 11. Bb3 Rd8 12. Qf3 Bd7 13. Rae1 Nxd4 14. Bxd4
Bc6 15. Qe3 Nd7 16. Qg3 Bf8 17. f5 e5 18. f6 g6 19. Be3 Nc5 20. Bxc5 dxc5
21. Nd5 Bxd5 22. Bxd5 Rab8 23. Rf5 Re8 24. Rg5 Kh8 25. Qb3 Bh6 26. Rg4 Kg8
27. Qh3 Bf8 28. Re3 c4 29. Qxh7+ Kxh7 30. Rh3+ Bh6 31. Rgh4 Qb6+ 32. Kh1
Qxf6 33. Rxh6+ Kg7 34. Rh7+ Kf8 {White resigns} 0-1

[Event "ICC tourney 2022 (75 10)"]
[Site "Internet Chess Club"]
[Date "2020.09.26"]
[Round "2"]
[White "saisneha"]
[Black "Otelo"]
[Result "0-1"]
[ICCResult "White resigns"]
[WhiteElo "1862"]
[BlackElo "2060"]
[Opening "QGD Slav defense: exchange variation"]
[ECO "D13"]
[NIC "SL.01"]
[Time "16:34:56"]
[TimeControl "4500+10"]

1. d4 d5 2. c4 c6 3. cxd5 cxd5 4. Bf4 Nc6 5. Nc3 Nf6 6. Nf3 a6 7. e3 Bg4 8.
Be2 e6 9. O-O Be7 10. h3 Bh5 11. Rc1 Rc8 12. Qb3 Na5 13. Qa4+ b5 14. Qd1 Nc4
15. b3 Nd6 16. Ne5 Bg6 17. Bd3 Bxd3 18. Qxd3 O-O 19. Ne2 Qb6 20. Rfd1 Qb7
21. f3 Rfd8 22. Kf2 Nf5 23. Rd2 Rxc1 24. Nxc1 Ba3 25. Rc2 Rc8 26. Ne2 Nd6
27. Rxc8+ Qxc8 28. Qc3 Nde4+ {White resigns} 0-1

[Event "ICC tourney 2022 (75 10)"]
[Site "Internet Chess Club"]
[Date "2020.09.26"]
[Round "2"]
[White "pawnpush202044"]
[Black "Natey"]
[Result "1-0"]
[ICCResult "Black checkmated"]
[WhiteElo "1874"]
[BlackElo "1659"]
[Opening "Grünfeld with e3 & Bd3"]
[ECO "D94"]
[NIC "GI.09"]
[Time "16:34:44"]
[TimeControl "4500+10"]

1. c4 Nf6 2. d4 g6 3. Nc3 d5 4. e3 Bg7 5. Nf3 O-O 6. Bd3 c5 7. O-O Nc6 8.
dxc5 dxc4 9. Bxc4 Qa5 10. Bd2 Qxc5 11. Bb3 Rd8 12. Rc1 Qb6 13. Na4 Qc7 14.
Qe1 Bf5 15. Nd4 Ng4 16. f4 Bxd4 17. exd4 Rxd4 18. h3 Nf6 19. Be3 Re4 20. Nc5
Rb4 21. Na6 bxa6 22. Qxb4 Rc8 23. Qc4 e6 24. Qxa6 Nd5 25. Bxd5 exd5 26. Rfd1
Qe7 27. Bf2 Qd7 28. a3 Kg7 29. b4 Ne7 30. Qxa7 Qxa7 31. Bxa7 Ra8 32. Bc5 Nc8
33. Rxd5 Rxa3 34. Bd4+ Kh6 35. Rxf5 gxf5 36. Rxc8 f6 37. Bxf6 Ra6 38. Bc3
Rb6 39. Rf8 Rc6 40. Rf6+ Rxf6 41. Bxf6 Kg6 42. Be5 Kf7 43. b5 Ke6 44. b6 Kd5
45. b7 Ke4 46. b8=Q Kd3 47. Qc7 h5 48. Qc3+ Ke2 49. Bd4 h4 50. Qc2+ Ke1 51.
Bf2# {Black checkmated} 1-0

[Event "ICC tourney 2022 (75 10)"]
[Site "Internet Chess Club"]
[Date "2020.09.26"]
[Round "2"]
[White "wahoo"]
[Black "rmauskopf24"]
[Result "0-1"]
[ICCResult "White checkmated"]
[WhiteElo "1713"]
[BlackElo "1653"]
[Opening "Sicilian: Najdorf, Byrne (English) attack"]
[ECO "B90"]
[NIC "SI.14"]
[Time "16:34:47"]
[TimeControl "4500+10"]

1. e4 c5 2. Nf3 d6 3. d4 cxd4 4. Nxd4 Nf6 5. Nc3 a6 6. Be3 e5 7. Nb3 Be6 8.
Qd2 Nbd7 9. f3 h5 10. h3 Be7 11. Be2 b5 12. a3 Qc7 13. Rd1 Nb6 14. Na5 Nc4
15. Nxc4 Bxc4 16. Bxc4 Qxc4 17. b3 Qc7 18. O-O O-O 19. Rf2 Qc6 20. Nd5 Nxd5
21. Qxd5 Rac8 22. f4 Qc3 23. Qd2 Qxd2 24. Rdxd2 Rc3 25. Bb6 exf4 26. Ba5 Rc6
27. Bb4 Re8 28. Rd5 Bf6 29. Rxf4 Be5 30. Rf2 Bg3 31. Re2 h4 32. Rd4 f5 33.
c3 Be5 34. Rd3 fxe4 35. Rde3 d5 36. Kf1 Bg3 37. Ra2 Rf6+ 38. Kg1 a5 39. Bc5
Be5 40. b4 a4 41. Rc2 Rc8 42. Rf2 Rcc6 43. Rxf6 Rxf6 44. Re2 Bxc3 45. Be7
Bd4+ 46. Kh2 Rf2 47. Re1 Be5+ 48. Kg1 Bg3 49. Rd1 e3 50. Bc5 Rd2 51. Re1
Bxe1 52. Bxe3 Rd1 53. Kf1 Bd2+ 54. Ke2 Bxe3 55. Kxd1 d4 56. Kc2 Kf7 57. Kd3
Ke6 58. Ke4 g6 59. Kd3 Kd5 60. Kc2 Kc4 61. Kd1 Kd3 62. Ke1 Kc2 63. Ke2 d3+
64. Kf3 d2 65. Kxe3 d1=Q 66. Kf4 Qh5 67. g3 hxg3 68. Kxg3 g5 69. Kh2 g4 70.
Kg2 Qxh3+ 71. Kg1 Qf3 72. Kh2 Kd3 73. Kg1 Ke3 74. Kh2 g3+ 75. Kh3 Kf4 76.
Kh4 Qg4# {White checkmated} 0-1

[Event "ICC tourney 2022 (75 10)"]
[Site "Internet Chess Club"]
[Date "2020.09.26"]
[Round "2"]
[White "Eagle2020"]
[Black "Averyyu321"]
[Result "0-1"]
[ICCResult "White checkmated"]
[WhiteElo "1546"]
[BlackElo "1766"]
[Opening "Sicilian: Alapin's variation (2.c3)"]
[ECO "B22"]
[NIC "SI.46"]
[Time "16:34:47"]
[TimeControl "4500+10"]

1. e4 c5 2. c3 d6 3. d4 cxd4 4. cxd4 Nf6 5. Nc3 g6 6. Nf3 Bg7 7. e5 dxe5 8.
Nxe5 O-O 9. Nf3 a6 10. h3 Nd5 11. Be3 Nc6 12. Bc4 Nxe3 13. fxe3 b5 14. Bb3
Bb7 15. a3 Rc8 16. O-O Qd7 17. Ng5 e6 18. Nce4 Qe7 19. Nf3 Nxd4 20. exd4
Bxe4 21. Re1 Qb7 22. Nh4 Rfd8 23. d5 exd5 24. Rc1 Rxc1 25. Qxc1 Bd4+ 26. Kh1
Qd7 27. Kh2 Bf2 28. Rxe4 dxe4 29. Qh6 Bxh4 30. Qxh4 Qd6+ 31. Kg1 Qd4+ 32.
Kh2 e3 33. Qg5 e2 34. Qe7 Qd6+ 35. Qxd6 Rxd6 36. a4 e1=Q 37. axb5 Qe5+ 38.
Kg1 axb5 39. h4 Qg3 40. Bc2 Rd2 41. Kf1 Qxg2+ 42. Ke1 Qf2# {White
checkmated} 0-1

[Event "ICC tourney 2022 (75 10)"]
[Site "Internet Chess Club"]
[Date "2020.09.26"]
[Round "2"]
[White "Tombstone"]
[Black "TheDude865"]
[Result "1-0"]
[ICCResult "Black checkmated"]
[WhiteElo "2024"]
[BlackElo "1241"]
[Opening "Neo-Grünfeld, 5.Nf3"]
[ECO "D73"]
[NIC "KI.80"]
[Time "16:34:38"]
[TimeControl "4500+10"]

1. d4 Nf6 2. c4 g6 3. g3 d5 4. Nf3 Bg7 5. Bg2 c6 6. Nbd2 O-O 7. O-O Bf5 8.
h3 h5 9. b3 a5 10. a3 Ne4 11. Bb2 Qc8 12. Kh2 Na6 13. Rc1 Qd7 14. Nh4 Nxd2
15. Qxd2 Be6 16. c5 Nc7 17. a4 Qd8 18. Bc3 Ne8 19. Qe3 Kh7 20. f4 Qc8 21.
Qd2 f5 22. Nf3 Bd7 23. Bxa5 Nf6 24. Ng5+ Kg8 25. Bc3 Ne4 26. Nxe4 fxe4 27.
Ra1 Qc7 28. h4 Ra7 29. e3 Rfa8 30. Qc2 Rc8 31. b4 Rca8 32. Qb3 e6 33. Rfb1
Qd8 34. Bf1 Qe8 35. b5 cxb5 36. axb5 Rxa1 37. Rxa1 Rxa1 38. Bxa1 Qa8 39. Bc3
Bf6 40. Kg1 Bd8 41. b6 Qc8 42. Qa3 Qc6 43. Qa8 Qc8 44. Qa7 Kf7 45. Ba6 Bxb6
46. Qxb7 Qxb7 47. Bxb7 Bc7 48. c6 Be8 49. Bb4 Kf6 50. Kf2 Kf5 51. Be7 Kg4
52. Bf6 Kf5 53. Be5 Bd8 54. c7 Bxc7 55. Bxc7 Kf6 56. Bd8+ Kf7 57. Bc8 Bb5
58. Bg5 Bd3 59. Ke1 Bc4 60. Kd2 Bf1 61. Kc3 Bh3 62. Kb4 Bg4 63. Kc5 Bf5 64.
Kd6 Bg4 65. Bb7 Bf5 66. Bc6 Bg4 67. Kc7 Be2 68. Kd8 Bg4 69. Be8+ Kf8 70.
Bh6+ Kg8 71. Ke7 Kh7 72. Bg5 Bf5 73. Bf7 Kg7 74. Bf6+ Kh7 75. Kf8 e5 76.
Bg8+ Kh6 77. Bg7# {Black checkmated} 1-0

[Event "ICC tourney 2022 (75 10)"]
[Site "Internet Chess Club"]
[Date "2020.09.26"]
[Round "2"]
[White "TacoCat5"]
[Black "tigertiger2019"]
[Result "1/2-1/2"]
[ICCResult "Game drawn by mutual agreement"]
[WhiteElo "1830"]
[BlackElo "1681"]
[Opening "Grünfeld: modern exchange variation"]
[ECO "D85"]
[NIC "GI.04"]
[Time "16:34:50"]
[TimeControl "4500+10"]

1. d4 Nf6 2. c4 g6 3. Nc3 d5 4. cxd5 Nxd5 5. e4 Nxc3 6. bxc3 Bg7 7. Nf3 c5
8. Be3 O-O 9. Be2 b6 10. O-O Bb7 11. e5 Nc6 12. Qd2 Qc7 13. Rac1 Rfd8 14.
Qb2 e6 15. Rfd1 Rac8 16. Rc2 Ne7 17. Bg5 Rf8 18. Bxe7 Qxe7 19. Qa3 Be4 20.
Rcc1 Bh6 21. Ra1 f6 22. Qb3 fxe5 23. Nxe5 Bf4 24. Bf3 Bxe5 25. Bxe4 Bxh2+
26. Kf1 Bf4 27. Bf3 c4 28. Qc2 Qg5 29. Qe4 Rce8 30. Rab1 Qf5 31. d5 Qxe4 32.
Bxe4 exd5 33. Bxd5+ Kh8 34. Bxc4 Be5 35. Bb5 Rd8 36. c4 Bd4
{Game drawn by mutual agreement}
1/2-1/2

[Event "ICC tourney 2022 (75 10)"]
[Site "Internet Chess Club"]
[Date "2020.09.26"]
[Round "2"]
[White "Theutltl"]
[Black "cdj12417489"]
[Result "1-0"]
[ICCResult "Black checkmated"]
[WhiteElo "1021"]
[BlackElo "1271"]
[Opening "Sicilian: Najdorf, Opocensky variation"]
[ECO "B92"]
[NIC "SI.10"]
[Time "16:34:50"]
[TimeControl "4500+10"]

1. e4 c5 2. Nf3 d6 3. d4 cxd4 4. Nxd4 Nf6 5. Nc3 a6 6. Be2 b5 7. a3 Bb7 8.
f3 e6 9. Be3 Qc7 10. Qd2 d5 11. exd5 Nxd5 12. Nxd5 Bxd5 13. O-O Nd7 14. b4
Be7 15. Nb3 Bf6 16. Bd4 Bxd4+ 17. Nxd4 Nf6 18. Nb3 O-O 19. Nc5 Rfc8 20. Rac1
Nd7 21. Nxd7 Qxd7 22. Kh1 Qe7 23. Rfd1 Qf6 24. Qd4 Qxd4 25. Rxd4 Rc3 26. Rd3
Rac8 27. h3 Rxc2 28. Rxc2 Rxc2 29. Re3 g5 30. Kg1 Kg7 31. Kf2 f5 32. Kf1 f4
33. Rd3 Kf6 34. Bd1 Rc1 35. Ke1 Rc7 36. a4 Rc4 37. axb5 axb5 38. Bb3 Rc1+
39. Kf2 Bxb3 40. Rxb3 Rc4 41. Rb2 Ke5 42. Ke2 Kd4 43. Kd2 e5 44. Rb3 h6 45.
Rd3# {Black checkmated} 1-0

[Event "ICC tourney 2022 (75 10)"]
[Site "Internet Chess Club"]
[Date "2020.09.26"]
[Round "2"]
[White "mikoyansuren"]
[Black "corviknight"]
[Result "1-0"]
[ICCResult "Black checkmated"]
[WhiteElo "1814"]
[BlackElo "1767"]
[Opening "Torre attack (Tartakower variation)"]
[ECO "D03"]
[NIC "QP.08"]
[Time "16:34:49"]
[TimeControl "4500+10"]

1. d4 d5 2. Nf3 Nf6 3. Bg5 c6 4. e3 h6 5. Bh4 Bf5 6. Bd3 Bxd3 7. Qxd3 g5 8.
Bg3 Bg7 9. c4 Nbd7 10. O-O O-O 11. Nc3 Rc8 12. Rac1 e6 13. Bd6 Re8 14. c5
Bf8 15. Bg3 Bg7 16. b4 Nh7 17. a4 g4 18. Nd2 h5 19. e4 Qf6 20. e5 Qg5 21. b5
h4 22. f4 Qh5 23. Be1 Qf5 24. Qxf5 exf5 25. Bxh4 Nhf8 26. Rb1 Ne6 27. bxc6
bxc6 28. Rb7 Ndf8 29. Ne2 Ng6 30. Be1 Rb8 31. Rxa7 Ra8 32. Rxa8 Rxa8 33. Nb3
Rxa4 34. g3 Kf8 35. Ba5 Ra2 36. Nc3 Ra3 37. Rb1 f6 38. Bb4 Ra8 39. Ne2 fxe5
40. dxe5 Rb8 41. Nbd4 Nxd4 42. Nxd4 Ne7 43. Ne6+ Kf7 44. Nd4 Bf8 45. Rb3 Rb7
46. Ba5 Rxb3 47. Nxb3 Nc8 48. Bb6 d4 49. Kf1 d3 50. Ke1 Ke6 51. Kd2 Kd7 52.
Kxd3 Nxb6 53. cxb6 Kc8 54. Kc4 Kb7 55. Nc5+ Bxc5 56. Kxc5 Kb8 57. e6 Kb7 58.
e7 Ka6 59. e8=Q Ka5 60. Qa8# {Black checkmated} 1-0

[Event "ICC tourney 2022 (75 10)"]
[Site "Internet Chess Club"]
[Date "2020.09.26"]
[Round "2"]
[White "kansashog"]
[Black "pika0008"]
[Result "0-1"]
[ICCResult "White resigns"]
[WhiteElo "1850"]
[BlackElo "1625"]
[Opening "Caro-Kann: anti-Caro-Kann defense"]
[ECO "A11"]
[NIC "EO.64"]
[Time "16:35:11"]
[TimeControl "4500+10"]

1. c4 c6 2. e4 g6 3. Nc3 Bg7 4. Nf3 e5 5. Be2 Ne7 6. O-O O-O 7. d4 d6 8. Be3
h6 9. Qd2 Kh7 10. b4 f5 11. dxe5 dxe5 12. Qc2 f4 13. Bc5 Rf7 14. Rad1 Qe8
15. Na4 Be6 16. b5 g5 17. h3 Ng6 18. Ba3 g4 19. hxg4 Bxg4 20. Nb2 Nd7 21.
bxc6 bxc6 22. c5 Nf6 23. Nc4 Qe7 24. Nd6 Bxf3 25. Nf5 Bxe4 26. Bd3 Bxd3 27.
Rxd3 Qe6 28. Rd6 Qc8 29. Nh4 Qg4 30. Nf5 e4 31. Nxg7 f3 {White resigns} 0-1

[Event "ICC tourney 2022 (75 10)"]
[Site "Internet Chess Club"]
[Date "2020.09.26"]
[Round "2"]
[White "Yucheng"]
[Black "andrewf2009"]
[Result "1-0"]
[ICCResult "Black checkmated"]
[WhiteElo "1887"]
[BlackElo "1768"]
[Opening "QGD semi-Slav: Bogolyubov variation"]
[ECO "D46"]
[NIC "SL.08"]
[Time "16:34:50"]
[TimeControl "4500+10"]

1. d4 d5 2. c4 e6 3. Nc3 c6 4. e3 Nf6 5. Nf3 Nbd7 6. Bd3 Be7 7. O-O O-O 8.
b3 b6 9. cxd5 cxd5 10. Bb2 Bb7 11. Qe2 Ne4 12. Rac1 Rc8 13. Nb5 a6 14. Rxc8
Qxc8 15. Rc1 Qb8 16. Nc3 b5 17. Nd2 f5 18. a4 Bd6 19. g3 b4 20. Ncxe4 fxe4
21. Bxa6 Bxa6 22. Qxa6 h5 23. Rc6 Bc7 24. Rxe6 Nf6 25. Qc6 h4 26. Re7 Bd6
27. Rb7 Qd8 28. Rb6 Bc7 29. Qe6+ Rf7 30. Rxb4 hxg3 31. hxg3 Nh7 32. Rb5 Ng5
33. Qxd5 Qf6 34. f4 exf3 35. Qxg5 f2+ 36. Kf1 Qc6 37. Rf5 Qc2 38. Rxf7 Qd1+
39. Kg2 Qg1+ 40. Kh3 Kxf7 41. Qd5+ Kf8 42. Ba3+ Ke8 43. Qe6+ Kd8 44. Be7+
Ke8 45. Bd6+ Kd8 46. Qe7+ Kc8 47. Qxc7# {Black checkmated} 1-0

[Event "ICC tourney 2022 (75 10)"]
[Site "Internet Chess Club"]
[Date "2020.09.26"]
[Round "2"]
[White "mydogeatschess"]
[Black "goodcrowdchess"]
[Result "1/2-1/2"]
[ICCResult "Game drawn because neither player has mating material"]
[WhiteElo "1851"]
[BlackElo "1610"]
[Opening "two knights defense: Steinitz variation"]
[ECO "C59"]
[NIC "KP.01"]
[Time "16:35:16"]
[TimeControl "4500+10"]

1. e4 e5 2. Nf3 Nc6 3. Bc4 Nf6 4. Ng5 d5 5. exd5 Na5 6. Bb5+ c6 7. dxc6 bxc6
8. Be2 h6 9. Nh3 Bd6 10. b3 O-O 11. Bb2 Bxh3 12. gxh3 Nd5 13. O-O Nf4 14.
Bf3 Nxh3+ 15. Kh1 Qh4 16. Qe2 Ng5 17. Bh5 e4 18. f4 exf3 19. Bxf3 Nxf3 20.
Rxf3 Rae8 21. Re3 Rxe3 22. dxe3 f5 23. Nd2 f4 24. Nf3 Qh5 25. e4 Re8 26. Qg2
g5 27. Rd1 Nb7 28. Re1 Kh7 29. e5 Bc5 30. Qe2 g4 31. Qe4+ Qg6 32. Nh4 Qxe4+
33. Rxe4 Be7 34. Nf5 Bg5 35. e6 Kg6 36. Ng7 Re7 37. Rc4 c5 38. Kg2 h5 39. h3
g3 40. Ra4 a5 41. Be5 Bh6 42. Nxh5 Kxh5 43. Bxf4 Bxf4 44. Rxf4 Rxe6 45. Kxg3
Kg6 46. Rf2 Re3+ 47. Kg4 Nd6 48. Rd2 Re6 49. a4 Nf5 50. Kf4 Nd4 51. h4 Ne2+
52. Kg4 Nd4 53. Kf4 Kh5 54. Rg2 Rf6+ 55. Ke4 Kxh4 56. Kd5 Rf5+ 57. Kc4 Kh3
58. Rd2 Kg3 59. c3 Nf3 60. Rd5 Ne5+ 61. Kxc5 Nd7+ 62. Kd6 Rxd5+ 63. Kxd5 Kf3
64. b4 axb4 65. cxb4 Nb6+ 66. Kc6 Nxa4 67. b5 Ke4 68. Kb7 Kd5 69. Ka6 Kc5
70. Ka5 Nb6 71. Ka6 Nc4 72. Kb7 Nd6+ 73. Kc7 Ne8+ 74. Kb7 Nf6 75. b6 Nd5 76.
Ka7 Nxb6 {Game drawn because neither player has mating material} 1/2-1/2

[Event "ICC tourney 2022 (75 10)"]
[Site "Internet Chess Club"]
[Date "2020.09.26"]
[Round "2"]
[White "imranchamp"]
[Black "DLWarrior"]
[Result "1-0"]
[ICCResult "Black resigns"]
[WhiteElo "1839"]
[BlackElo "1865"]
[Opening "French defense"]
[ECO "C11"]
[NIC "FR.04"]
[Time "16:35:02"]
[TimeControl "4500+10"]

1. e4 e6 2. d4 d5 3. Nc3 Nf6 4. exd5 exd5 5. Bd3 Bd6 6. Bg5 h6 7. Bxf6 Qxf6
8. Nxd5 Qd8 9. Qe2+ Be7 10. Nxe7 Qxe7 11. Qxe7+ Kxe7 12. O-O-O Nc6 13. c3
Re8 14. h3 Kf6 15. Nf3 g5 16. Bb5 a6 17. Ba4 b5 18. Bb3 Bb7 19. Rhe1 Na5 20.
Bc2 Bxf3 21. gxf3 Nc4 22. h4 gxh4 23. Rh1 Re2 24. Rxh4 Rxf2 25. Rxh6+ Kg7
26. Rh7+ Kf6 27. Rg1 Re8 28. Rh6+ Ke7 29. Rxa6 Rxf3 30. Be4 Rf2 31. Bd5 Nxb2
32. Re1+ Kf8 33. Rxe8+ Kxe8 34. Bc6+ Ke7 35. Bxb5 f5 36. Rc6 Kd8 37. Re6 Kc8
38. a4 f4 39. Bc6 Nd3+ 40. Kb1 Kb8 41. Re8+ Ka7 42. Ra8+ Kb6 43. Bb5 Rd2 44.
Ra6+ Kb7 45. Rf6 Ka7 46. c4 Rf2 47. c5 Nb4 48. Rf7 Kb7 49. a5 Nd5 50. a6+
Ka7 51. Bc4 Nc3+ 52. Ka1 Kb8 53. Rf8+ Ka7 54. Rc8 f3 55. Rxc7+ Kb8 56. Rb7+
Ka8 57. c6 Rh2 58. c7 Rh8 59. Rb3 {Black resigns} 1-0

[Event "ICC tourney 2022 (75 10)"]
[Site "Internet Chess Club"]
[Date "2020.09.26"]
[Round "2"]
[White "canary2016"]
[Black "slolla"]
[Result "0-1"]
[ICCResult "White checkmated"]
[WhiteElo "1988"]
[BlackElo "1844"]
[Opening "Queen's pawn: London system"]
[ECO "A45"]
[NIC "QP.07"]
[Time "16:34:43"]
[TimeControl "4500+10"]

1. d4 Nf6 2. Bf4 g6 3. Nc3 d5 4. e3 Bg7 5. h4 h5 6. Nf3 O-O 7. Qd2 c5 8.
dxc5 Nbd7 9. Ne5 Nxc5 10. f3 Ne6 11. Nd3 Nxf4 12. Nxf4 e6 13. Nh3 Qb6 14.
O-O-O Bd7 15. Qd4 Qxd4 16. exd4 Rac8 17. Be2 Ne8 18. g4 hxg4 19. fxg4 Nd6
20. Bf3 b5 21. Kb1 b4 22. Ne2 Nb5 23. Nhf4 Rc4 24. Nd3 Nxd4 25. b3 Nxe2 26.
Bxe2 Rc3 27. Nxb4 a5 28. Nd3 Rfc8 29. Rd2 a4 30. Nb2 axb3 31. cxb3 e5 32.
Ba6 R8c7 33. Rxd5 Bxg4 34. Bc4 Bf5+ 35. Ka1 Rc2 36. Rd8+ Kh7 37. h5 gxh5 38.
Rxh5+ Kg6 39. Rh1 Rg2 40. Rhd1 e4 41. R8d2 Rxd2 42. Rxd2 e3 43. Rg2+ Kh7 44.
a4 Rd7 45. Ka2 Bc3 46. Re2 Bd2 47. Rh2+ Kg6 48. Rg2+ Kf6 49. Be2 Be4 50. Rh2
Ke5 51. Nc4+ Kd4 52. Bg4 f5 53. Bh3 Kc3 54. Nb2 Bc1 55. Nc4 Rd1 56. Ne5 Rd2+
57. Rxd2 exd2 58. Nc4 d1=Q 59. Na5 Qc2+ 60. Ka1 Qb2# {White checkmated} 0-1

[Event "ICC tourney 2022 (75 10)"]
[Site "Internet Chess Club"]
[Date "2020.09.26"]
[Round "2"]
[White "FL2009"]
[Black "Lukastico"]
[Result "1/2-1/2"]
[ICCResult "Game drawn by repetition"]
[WhiteElo "1802"]
[BlackElo "1938"]
[Opening "French: exchange variation"]
[ECO "C01"]
[NIC "FR.01"]
[Time "16:46:04"]
[TimeControl "4500+10"]

1. e4 e6 2. d4 d5 3. exd5 exd5 4. Nf3 Nf6 5. Bd3 c5 6. c3 c4 7. Bc2 Bd6 8.
O-O O-O 9. Re1 Bg4 10. Bg5 Nbd7 11. Nbd2 Qc7 12. h3 Bh5 13. Qb1 Bg6 14. Bxg6
hxg6 15. Qc2 b5 16. Rab1 a5 17. b3 cxb3 18. axb3 Nb6 19. Qd3 b4 20. c4 Bf4
21. Bxf6 gxf6 22. c5 Nd7 23. Nf1 Rfe8 24. Re2 Rxe2 25. Qxe2 Nf8 26. Ra1 Ne6
27. Qd3 Qc6 28. Re1 a4 29. bxa4 Rxa4 30. Qb3 Nc7 31. Ne3 Bxe3 32. Qxe3 Ra3
33. Qd2 Qa4 34. Qf4 Qc6 35. Qd6 Qxd6 36. cxd6 Ne6 37. d7 Ra8 38. Rc1 Rd8 39.
Rb1 Rb8 40. Rc1 Rd8 41. Rb1 Rb8 42. Rc1 Rd8 43. Rb1 Rb8
{Game drawn by repetition}
1/2-1/2

[Event "ICC tourney 2022 (75 10)"]
[Site "Internet Chess Club"]
[Date "2020.09.26"]
[Round "2"]
[White "ciciwin"]
[Black "Ben1927829"]
[Result "0-1"]
[ICCResult "White resigns"]
[WhiteElo "1540"]
[BlackElo "1830"]
[Opening "King's Indian: Smyslov system"]
[ECO "E61"]
[NIC "KI.76"]
[Time "16:34:58"]
[TimeControl "4500+10"]

1. d4 Nf6 2. c4 g6 3. Nc3 Bg7 4. Nf3 d6 5. Bg5 h6 6. Bh4 O-O 7. e3 c5 8. Be2
Nc6 9. d5 Nb4 10. a3 Na6 11. O-O Rb8 12. Qc2 Nc7 13. e4 a6 14. a4 Bd7 15.
Rfe1 b5 16. axb5 axb5 17. h3 b4 18. Nd1 b3 19. Qb1 Rb6 20. Nc3 e5 21. dxe6
Nxe6 22. Nd5 Rb7 23. e5 dxe5 24. Nxe5 g5 25. Nxd7 Rxd7 26. Nxf6+ Qxf6 27.
Bg3 Rd2 28. Qe4 Rfd8 29. Bg4 Rxb2 30. Bxe6 Qxe6 31. Ra8 Qd7 32. Rxd8+ Qxd8
33. Qc6 Bf8 34. Be5 Rc2 35. h4 b2 36. Qe4 Qd2 37. Rf1 Rc1 38. Bxb2 Rxf1+ 39.
Kxf1 Qxb2 40. hxg5 hxg5 41. Qf5 Qc1+ 42. Ke2 Qxc4+ 43. Kf3 Qf4+ 44. Qxf4
gxf4 45. Kxf4 Bg7 46. Ke4 c4 47. f3 c3 48. Kd3 Kf8 49. g4 Ke7 50. f4 Ke6 51.
f5+ Ke5 52. Kxc3 Kf4+ 53. Kd3 Kxg4 54. Ke4 f6 55. Ke3 Kxf5 56. Kf3 Bf8 57.
Kf2 Kf4 58. Kg2 Ke3 59. Kf1 Kf3 60. Kg1 f5 61. Kf1 f4 62. Kg1 Ke2 63. Kg2
f3+ {White resigns} 0-1